BSA
NEVADA NOISE @ IRVINE GANG GREEN
06/18/2027
 
TOP OF THE 1ST
Los Cabos Cartel batting - Pitching for Irvine Gang Green : LHP Masutaro Koyama
Pitching: LHP Masutaro Koyama
Batting: LHB Stanley Mullins 0-0: Ball
1-0: Called Strike
1-1: Called Strike
1-2: Strikes out swinging
Batting: RHB Wilbert Rodgers 0-0: Ground out 5-3 (Groundball, 56)
Batting: SHB Julián Madrid 0-0: Ground out 6-3 (Groundball, 6)
Top of the 1st over - 0 run(s), 0 hit(s), 0 error(s), 0 left on base; Los Cabos 0 - Irvine 0
BOTTOM OF THE 1ST
Irvine Gang Green batting - Pitching for Los Cabos Cartel : RHP Vicente Durán
Pitching: RHP Vicente Durán
Batting: RHB José Salazar 0-0: Foul Ball, location: 2F
0-1: Ball
1-1: Ball
2-1: Ground out 5-3 (Groundball, 5)
Batting: LHB Jesús Campos 0-0: Ball
1-0: Called Strike
1-1: Foul Ball, location: 2F
1-2: Foul Ball, location: 2F
1-2: Fly out, F8 (Line Drive, 89D)
Batting: RHB Buck Jones 0-0: Foul Ball, location: 2F
0-1: Called Strike
0-2: Foul Ball, location: 2F
0-2: Ball
1-2: Fly out, F7 (Line Drive, 7)
Bottom of the 1st over - 0 run(s), 0 hit(s), 0 error(s), 0 left on base; Los Cabos 0 - Irvine 0
TOP OF THE 2ND
Los Cabos Cartel batting - Pitching for Irvine Gang Green : LHP Masutaro Koyama
Batting: RHB Stephen Wilson 0-0: Swinging Strike
0-1: Swinging Strike
0-2: Foul Ball, location: 2F
0-2: Strikes out swinging
Batting: SHB Rob Grun 0-0: Foul Ball, location: 2F
0-1: Ball
1-1: Called Strike
1-2: Strikes out looking
Batting: LHB Luis González 0-0: Ball
1-0: Ball
2-0: Called Strike
2-1: Ball
3-1: SINGLE (Groundball, 34D)
Batting: SHB Javier Villegas 0-0: Ball
1-0: Ball
2-0: Ball
3-0: DOUBLE (Flyball, 78XD)
Luis González to third
Runner from 3rd tries for Home, SAFE, no throw
Batting: RHB José Hernández 0-0: Called Strike
0-1: Ball
1-1: DOUBLE (Line Drive, 7LM)
Javier Villegas scores
Batting: RHB Fernando Martínez 0-0: Foul Ball, location: 2F
0-1: Ball
1-1: Ball
2-1: Swinging Strike
2-2: Strikes out looking
Top of the 2nd over - 2 run(s), 3 hit(s), 0 error(s), 1 left on base; Los Cabos 2 - Irvine 0
BOTTOM OF THE 2ND
Irvine Gang Green batting - Pitching for Los Cabos Cartel : RHP Vicente Durán
Batting: LHB Víctor Quiñones 0-0: Called Strike
0-1: Ball
1-1: Called Strike
1-2: Fly out, F8 (Flyball, 8RS)
Batting: RHB Tom Doherty 0-0: Called Strike
0-1: Ball
1-1: Ground out 4-3 (Groundball, 4)
Batting: LHB José Sánchez 0-0: Ball
1-0: Ball
2-0: Called Strike
2-1: Ground out 4-3 (Groundball, 4)
Bottom of the 2nd over - 0 run(s), 0 hit(s), 0 error(s), 0 left on base; Los Cabos 2 - Irvine 0
TOP OF THE 3RD
Los Cabos Cartel batting - Pitching for Irvine Gang Green : LHP Masutaro Koyama
Batting: LHB Stanley Mullins 0-0: Foul Ball, location: 2F
0-1: Fly out, F4 (Popup, 3D)
Batting: RHB Wilbert Rodgers 0-0: Ball
1-0: Foul Ball, location: 2F
1-1: Swinging Strike
1-2: Strikes out swinging
Batting: SHB Julián Madrid 0-0: Ball
1-0: Ground out 1-3 (Groundball, 13S)
Top of the 3rd over - 0 run(s), 0 hit(s), 0 error(s), 0 left on base; Los Cabos 2 - Irvine 0
BOTTOM OF THE 3RD
Irvine Gang Green batting - Pitching for Los Cabos Cartel : RHP Vicente Durán
Batting: LHB Leonardo Medina 0-0: Called Strike
0-1: SINGLE (Groundball, 6D)
Batting: RHB Tyler Wagner 0-0: Called Strike
0-1: Ball
1-1: Called Strike
1-2: Ground out 5-3 (Groundball, 56S)
Leonardo Medina to second
Batting: RHB Aaron Wilson 0-0: Foul Ball, location: 2F
0-1: Ball
1-1: Ball
2-1: Ball
3-1: Ground out 6-3 (Groundball, 6)
Leonardo Medina to third
Batting: RHB José Salazar 0-0: Foul Ball, location: 2F
0-1: Foul Ball, location: 2F
0-2: Foul Ball, location: 2F
0-2: Fly out, F6 (Popup, 6D)
Bottom of the 3rd over - 0 run(s), 1 hit(s), 0 error(s), 1 left on base; Los Cabos 2 - Irvine 0
TOP OF THE 4TH
Los Cabos Cartel batting - Pitching for Irvine Gang Green : LHP Masutaro Koyama
Batting: RHB Stephen Wilson 0-0: Ball
1-0: Swinging Strike
1-1: Swinging Strike
1-2: Strikes out swinging
Batting: SHB Rob Grun 0-0: Ball
1-0: SOLO HOME RUN (Line Drive, 89XD), Distance : 435 ft
Batting: LHB Luis González 0-0: Ball
1-0: Called Strike
1-1: Swinging Strike
1-2: Ball
2-2: Ball
3-2: Strikes out swinging
Batting: SHB Javier Villegas 0-0: Ball
1-0: Swinging Strike
1-1: Ball
2-1: Fly out, F7 (Line Drive, 78M)
Top of the 4th over - 1 run(s), 1 hit(s), 0 error(s), 0 left on base; Los Cabos 3 - Irvine 0
BOTTOM OF THE 4TH
Irvine Gang Green batting - Pitching for Los Cabos Cartel : RHP Vicente Durán
Batting: LHB Jesús Campos 0-0: Ball
1-0: Ball
2-0: Fly out, F4 (Line Drive, 4)
Batting: RHB Buck Jones 0-0: Called Strike
0-1: Fly out, F7 (Flyball, 7LS)
Batting: LHB Víctor Quiñones 0-0: Ball
1-0: Ball
2-0: Ball
3-0: Called Strike
3-1: Base on Balls
Batting: RHB Tom Doherty 0-0: Fielders Choice at 2nd, 6-4 (Groundball, 6)
Bottom of the 4th over - 0 run(s), 0 hit(s), 0 error(s), 0 left on base; Los Cabos 3 - Irvine 0
TOP OF THE 5TH
Los Cabos Cartel batting - Pitching for Irvine Gang Green : LHP Masutaro Koyama
Batting: RHB José Hernández 0-0: Ball
1-0: Called Strike
1-1: Fly out, F9 (Line Drive, 89S)
Batting: RHB Fernando Martínez 0-0: Called Strike
0-1: Swinging Strike
0-2: Strikes out swinging
Batting: LHB Stanley Mullins 0-0: Ball
1-0: Ball
2-0: Ground out 4-3 (Groundball, 4S)
Top of the 5th over - 0 run(s), 0 hit(s), 0 error(s), 0 left on base; Los Cabos 3 - Irvine 0
BOTTOM OF THE 5TH
Irvine Gang Green batting - Pitching for Los Cabos Cartel : RHP Vicente Durán
Batting: LHB José Sánchez 0-0: Called Strike
0-1: Ball
1-1: Ball
2-1: Foul Ball, location: 2F
2-2: Fly out, F7 (Line Drive, 7)
Batting: LHB Leonardo Medina 0-0: Foul Ball, location: 2F
0-1: Fly out, F4 (Popup, 34D)
Batting: RHB Tyler Wagner 0-0: Ball
1-0: Ball
2-0: Ball
3-0: Called Strike
3-1: Called Strike
3-2: Fly out, F9 (Flyball, 9D)
Bottom of the 5th over - 0 run(s), 0 hit(s), 0 error(s), 0 left on base; Los Cabos 3 - Irvine 0
TOP OF THE 6TH
Los Cabos Cartel batting - Pitching for Irvine Gang Green : LHP Masutaro Koyama
Batting: RHB Wilbert Rodgers 0-0: Ball
1-0: Ball
2-0: Ground out 6-3 (Groundball, 56)
Batting: SHB Julián Madrid 0-0: Ball
1-0: Ball
2-0: Foul Ball, location: 2F
2-1: Foul Ball, location: 2F
2-2: Fly out, F8 (Flyball, 8LM)
Batting: RHB Stephen Wilson 0-0: Foul Ball, location: 2F
0-1: Swinging Strike
0-2: Ball
1-2: Ball
2-2: Ball
3-2: Fly out, F5 (Line Drive, 56S)
Top of the 6th over - 0 run(s), 0 hit(s), 0 error(s), 0 left on base; Los Cabos 3 - Irvine 0
BOTTOM OF THE 6TH
Irvine Gang Green batting - Pitching for Los Cabos Cartel : RHP Vicente Durán
Batting: RHB Aaron Wilson 0-0: Fly out, F4 (Popup, 4D)
Batting: RHB José Salazar 0-0: Foul Ball, location: 2F
0-1: Ball
1-1: Ball
2-1: Ball
3-1: Swinging Strike
3-2: DOUBLE (Line Drive, 8LXD)
Batting: LHB Jesús Campos 0-0: Called Strike
0-1: Foul Ball, location: 2F
0-2: Strikes out swinging
Batting: RHB Buck Jones 0-0: Ball
1-0: Ball
2-0: Fly out, F8 (Flyball, 8LXD)
Bottom of the 6th over - 0 run(s), 1 hit(s), 0 error(s), 1 left on base; Los Cabos 3 - Irvine 0
TOP OF THE 7TH
Los Cabos Cartel batting - Pitching for Irvine Gang Green : LHP Masutaro Koyama
Batting: SHB Rob Grun 0-0: Foul Ball, location: 2F
0-1: Swinging Strike
0-2: Foul Ball, location: 2F
0-2: Ball
1-2: Ground out 4-3 (Groundball, 4)
Batting: LHB Luis González 0-0: Ball
1-0: Fly out, F9 (Flyball, 89D)
Batting: SHB Javier Villegas 0-0: Called Strike
0-1: Ball
1-1: Fly out, F8 (Flyball, 8RD)
Top of the 7th over - 0 run(s), 0 hit(s), 0 error(s), 0 left on base; Los Cabos 3 - Irvine 0
BOTTOM OF THE 7TH
Irvine Gang Green batting - Pitching for Los Cabos Cartel : RHP Vicente Durán
Batting: LHB Víctor Quiñones 0-0: Ball
1-0: Fly out, F8 (Flyball, 8RM)
Batting: RHB Tom Doherty 0-0: Ball
1-0: Ball
2-0: Ball
3-0: Foul Ball, location: 2F
3-1: Fly out, F8 (Flyball, 89M)
Batting: LHB José Sánchez 0-0: Ball
1-0: Foul Ball, location: 2F
1-1: DOUBLE (Line Drive, 9LM)
Batting: LHB Leonardo Medina 0-0: Swinging Strike
0-1: Fly out, F7 (Flyball, 7S)
Bottom of the 7th over - 0 run(s), 1 hit(s), 0 error(s), 1 left on base; Los Cabos 3 - Irvine 0
TOP OF THE 8TH
Los Cabos Cartel batting - Pitching for Irvine Gang Green : LHP Masutaro Koyama
Batting: RHB José Hernández 0-0: Foul Ball, location: 2F
0-1: Ball
1-1: Swinging Strike
1-2: Fly out, F6 (Line Drive, 6)
Batting: RHB Fernando Martínez 0-0: Ball
1-0: Ball
2-0: Swinging Strike
2-1: Ball
3-1: Fly out, F7 (Flyball, 7D)
Batting: LHB Stanley Mullins 0-0: SINGLE (Groundball, 4MD)
Batting: RHB Wilbert Rodgers 0-0: Ball
1-0: Ball
2-0: Foul Ball, location: 2F
2-1: Ball
3-1: Swinging Strike
3-2: Strikes out swinging
Top of the 8th over - 0 run(s), 1 hit(s), 0 error(s), 1 left on base; Los Cabos 3 - Irvine 0
BOTTOM OF THE 8TH
Irvine Gang Green batting - Pitching for Los Cabos Cartel : RHP Vicente Durán
Batting: RHB Tyler Wagner 0-0: Ground out 5-3 (Groundball, 56S)
Batting: RHB Aaron Wilson 0-0: Ground out 4-3 (Groundball, 4)
Batting: RHB José Salazar 0-0: Ball
1-0: Ball
2-0: Ball
3-0: Base on Balls
Batting: LHB Jesús Campos 0-0: Ball
1-0: Ball
2-0: Called Strike
2-1: Called Strike
2-2: Strikes out looking
Bottom of the 8th over - 0 run(s), 0 hit(s), 0 error(s), 1 left on base; Los Cabos 3 - Irvine 0
TOP OF THE 9TH
Los Cabos Cartel batting - Pitching for Irvine Gang Green : LHP Masutaro Koyama
Batting: SHB Julián Madrid 0-0: Foul Ball, location: 2F
0-1: DOUBLE (Flyball, 78M)
Batting: RHB Stephen Wilson 0-0: Ball
1-0: SINGLE (Line Drive, 56D)
Julián Madrid to third
Batting: SHB Rob Grun 0-0: Ball
1-0: Foul Ball, location: 2F
1-1: Foul Ball, location: 2F
1-2: Ball
2-2: Strikes out swinging
Batting: LHB Luis González 0-0: Ball
1-0: Ball
2-0: Foul Ball, location: 2F
2-1: SINGLE (Line Drive, 9LS)
Julián Madrid scores
Stephen Wilson to second
Pitching: RHP Howard Green
Batting: SHB Javier Villegas 0-0: Called Strike
0-1: Ball
1-1: Foul Ball, location: 2F
1-2: Strikes out looking
Batting: RHB José Hernández 0-0: Ball
1-0: Called Strike
1-1: Foul Ball, location: 2F
1-2: Reached on error, E6 (Groundball, 6)
Stephen Wilson to third
Luis González to second
Batting: RHB Fernando Martínez 0-0: Foul Ball, location: 2F
0-1: Called Strike
0-2: Fielders Choice at 2nd, 6-4 (Groundball, 6)
Top of the 9th over - 1 run(s), 3 hit(s), 1 error(s), 2 left on base; Los Cabos 4 - Irvine 0
BOTTOM OF THE 9TH
Irvine Gang Green batting - Pitching for Los Cabos Cartel : RHP Vicente Durán
Batting: RHB Buck Jones 0-0: Ball
1-0: Foul Ball, location: 2F
1-1: Called Strike
1-2: Ball
2-2: Ground out 6-3 (Groundball, 6)
Batting: LHB Víctor Quiñones 0-0: Ball
1-0: Called Strike
1-1: Swinging Strike
1-2: Ball
2-2: Fly out, F9 (Flyball, 89D)
Batting: RHB Tom Doherty 0-0: Ball
1-0: Ball
2-0: Foul Ball, location: 2F
2-1: Swinging Strike
2-2: Ball
3-2: Foul Ball, location: 2F
3-2: Base on Balls
Batting: LHB José Sánchez 0-0: Ball
1-0: Called Strike
1-1: Foul Ball, location: 2F
1-2: Strikes out looking
Bottom of the 9th over - 0 run(s), 0 hit(s), 0 error(s), 1 left on base; Los Cabos 4 - Irvine 0
Thursday, March 30th, 2017 - OOTP Baseball 17.12 Build 75